 Dungeon Crawl Stone Soup version 0.18.1-50-g88ac8fd (webtiles) character file.

107 FabFiz the Magician (level 4, 0/21 HPs)
             Began as a Deep Elf Wizard on Apr 2, 2017.
             Slain by Natasha (9 damage)
             ... on level 3 of the Dungeon.
             The game lasted 00:38:14 (4838 turns).

FabFiz the Magician (Deep Elf Wizard)               Turns: 4838, Time: 00:38:16

Health: 0/21       AC:  3    Str:  6    XL:     4   Next: 57%
Magic:  7/14       EV: 13    Int: 24    God:
Gold:   206        SH:  0    Dex: 13    Spells: 7 memorised, 0 levels left

rFire  + . .     SeeInvis .     K - +0 dagger
rCold  . . .     Gourm    .     a - +0 robe
rNeg   . . .     Faith    .     (no shield)
rPois  .         Spirit   .     b - +0 hat
rElec  .         Dismiss  .     (no cloak)
rCorr  .         Reflect  .     (no gloves)
SustAt .         Harm     .     (no boots)
MR     .....                    (no amulet)
Stlth  ++........               S - ring of protection from fire
                                J - +1 ring of protection

@: very slightly contaminated, repel missiles, not resistant to hostile
enchantments, unstealthy
A: fangs 1, frail 1, strong 1
a: no special abilities


You were on level 3 of the Dungeon.
You were not hungry.

You visited 1 branch of the dungeon, and saw 3 of its levels.

You collected 206 gold pieces.

Inventory:

Hand Weapons
 d - a +0 club
 m - a +0 short sword
 o - a +0 mace
 p - a +0 dagger
 s - a +0 club
 u - a +0 short sword
 v - a +0 spear
 w - a +0 club
 x - a +0 club
 B - a +0 spear
 E - a +0 dagger
 G - a +0 club
 H - a +0 club
 K - a +0 dagger (weapon)
 O - a +0 dagger
 Q - a +0 trident
Missiles
 g - 136 stones (quivered)
 t - 17 bolts
 C - 5 tomahawks
 U - 18 arrows
 V - 8 needles of sleeping
 W - 24 sling bullets
Armour
 a - a +0 robe (worn)
 b - a +0 hat (worn)
 h - a +0 ring mail
 i - a +0 ring mail
 j - a +2 shield
 l - a +0 leather armour
 R - a +0 robe
 T - a +0 scale mail
 X - a +0 ring mail
Jewellery
 J - a +1 ring of protection (left hand)
 S - a ring of protection from fire (right hand)
Scrolls
 n - 6 scrolls of identify {unknown}
 y - a scroll of teleportation
 z - a scroll of noise {unknown}
 A - a scroll of fear {unknown}
 D - a scroll of amnesia {unknown}
 I - a scroll of blinking {unknown}
 N - a scroll of magic mapping {unknown}
 P - a scroll of fog {unknown}
 Y - a scroll of remove curse {unknown}
Potions
 e - a potion of agility
 k - a potion of degeneration {unknown}
 q - a potion of might {unknown}
 r - a potion of magic {unknown}
 F - a potion of cancellation {unknown}
 M - a potion of mutation
Books
 c - a book of Minor Magic

   Spells                             Type                      Level
   a - Magic Dart                     Conjuration                  1
   b - Blink                          Translocation                2
   c - Call Imp                       Summoning                    2
   d - Repel Missiles                 Charms/Air                   2
   e - Slow                           Hexes                        2
   f - Conjure Flame                  Conjuration/Fire             3
   g - Mephitic Cloud                 Conjuration/Poison/Air       3
Comestibles
 L - a meat ration


   Skills:
 + Level 0.1 Fighting
 + Level 2.9 Dodging
 + Level 3.0 Stealth
 + Level 0.1 Unarmed Combat
 + Level 6.2 Spellcasting
 + Level 2.1 Conjurations
 + Level 0.3 Hexes
 + Level 1.1 Summonings
 + Level 1.1 Translocations
 + Level 0.2 Fire Magic


You couldn't memorise any spells.
You knew the following spells:

 Your Spells              Type           Power        Failure   Level  Hunger
a - Magic Dart            Conj           ###.         3%          1    None
b - Blink                 Tloc           N/A          10%         2    None
c - Call Imp              Summ           ##......     10%         2    None
d - Repel Missiles        Chrm/Air       #.....       12%         2    None
e - Slow                  Hex            #.......     12%         2    None
f - Conjure Flame         Conj/Fire      ##......     17%         3    #......
g - Mephitic Cloud        Conj/Pois/Air  ##......     21%         3    #......


Dungeon Overview and Level Annotations

Branches:
Dungeon (3/15)

Altars:
Okawaru

Annotations:
D:3 Natasha


Innate Abilities, Weirdness & Mutations

You have very sharp teeth.
You are frail (-10% HP).
Your muscles are strong. (Str +2)


Message History

Casting: Magic Dart
Confirm with . or Enter, or press ? or * to list all spells.
Aiming: Magic Dart
Press: ? - help, Shift-Dir - straight line, f/p - Natasha
Aim: Natasha (severely wounded)
The magic dart hits Natasha.
Natasha is severely wounded.
Natasha closely misses you.
Casting: Magic Dart
Confirm with . or Enter, or press ? or * to list all spells.
Aiming: Magic Dart
Press: ? - help, Shift-Dir - straight line, f/p - Natasha
Aim: Natasha (severely wounded)
The magic dart hits Natasha.
Natasha is almost dead.
Natasha claws you.
* * * LOW HITPOINT WARNING * * *
Drink which item? (? for menu, Esc to quit)
You feel better. Natasha claws you!
You die...

## ## #### .# ..
..# .# ##. #.###.#
##... #>##.#######
......#.h........#
#.@.#######.#
##### #####.###
#.......# #
#.###.#.# # #.#
#.#.# # #.###.#.#
#.......#
##.##.###
####...#.#######


You could see Natasha.

Vanquished Creatures
  Jessica (D:3)
  2 adders
  An ooze (D:1)
  5 dart slugs
  An orc (D:3)
  5 bats
  6 goblins
  5 hobgoblins
  5 jackals
  4 kobolds
  A ball python (D:1)
  3 giant newts (D:1)
  5 rats
44 creatures vanquished.

Vanquished Creatures (collateral kills)
  A goblin (D:3)
  2 hobgoblins (D:1)
  3 giant newts (D:1)
  A rat (D:1)
7 creatures vanquished.

Grand Total: 51 creatures vanquished

Notes
Turn   | Place    | Note
--------------------------------------------------------------
     0 | D:1      | FabFiz the Deep Elf Wizard began the quest for the Orb.
     0 | D:1      | Reached XP level 1. HP: 10/10 MP: 7/7
   298 | D:1      | Reached skill level 5 in Spellcasting
   298 | D:1      | Reached XP level 2. HP: 5/15 MP: 1/10
   336 | D:1      | Learned a level 2 spell: Blink
   339 | D:1      | Learned a level 2 spell: Call Imp
   342 | D:1      | Learned a level 2 spell: Repel Missiles
   345 | D:1      | Learned a level 2 spell: Slow
  1788 | D:1      | Reached XP level 3. HP: 14/19 MP: 4/11
  1898 | D:1      | Learned a level 3 spell: Conjure Flame
  3379 | D:2      | Found an iron altar of Okawaru.
  3410 | D:2      | Reached XP level 4. HP: 11/24 MP: 3/13
  4078 | D:3      | Reached skill level 6 in Spellcasting
  4122 | D:3      | Noticed Jessica
  4134 | D:3      | Killed Jessica
  4274 | D:3      | Gained mutation: Your muscles are strong. (Str +2) [potion of mutation]
  4274 | D:3      | Gained mutation: You have very sharp teeth. [potion of mutation]
  4274 | D:3      | Gained mutation: You possess an exceptional clarity of mind. [potion of mutation]
  4512 | D:3      | Noticed Natasha
  4627 | D:3      | Lost mutation: You possess an exceptional clarity of mind. [potion of mutation]
  4627 | D:3      | Gained mutation: You are frail (-10% HP). [potion of mutation]
  4633 | D:3      | Learned a level 3 spell: Mephitic Cloud
  4838 | D:3      | Slain by Natasha

Skill      XL: |  1  2  3  4 |
---------------+-------------+-----
Spellcasting   | 5 6 |  6.2
Stealth        | 3 |  3.0
Conjurations   | 2 |  2.1
Fighting       | |  0.1
Dodging        | |  2.9
Unarmed Combat | |  0.1
Hexes          | |  0.3
Summonings     | |  1.1
Translocations | |  1.1
Fire Magic     | |  0.2

Action                   |  1- 3 |  4- 6 || total
-------------------------+-------+-------++-------
Melee: Unarmed           |     9 |       ||     9
       Club              |    10 |       ||    10
       Spear             |     2 |       ||     2
       Dagger            |       |    15 ||    15
       Bite              |       |     1 ||     1
Throw: Stone             |     1 |       ||     1
 Cast: Magic Dart        |    89 |    32 ||   121
       Call Imp          |    18 |     7 ||    25
       Blink             |     3 |     6 ||     9
       Conjure Flame     |     2 |     1 ||     3
       Repel Missiles    |       |     1 ||     1
  Use: Scroll            |     1 |     1 ||     2
       Potion            |       |     5 ||     5
  Eat: Bread ration      |     1 |       ||     1
       Chunk             |     2 |     4 ||     6
       Beef jerky        |       |     1 ||     1
Armor: Robe              |    10 |     5 ||    15
Dodge: Dodged            |    57 |    28 ||    85
